 Dungeon Crawl Stone Soup version 0.29-a0-113-g078de9bc30 (webtiles) character file.

Game seed: 12627070813237492985

488 ultragoat the Cudgeller (level 7, -2/42 HPs)
             Began as a Gargoyle Fighter on Feb 19, 2022.
             Was a Believer of Dithmenos.
             Slain by an iguana (8 damage)
             ... on level 5 of the Dungeon.
             The game lasted 00:17:17 (3412 turns).

ultragoat the Cudgeller (Gargoyle Fighter)          Turns: 3412, Time: 00:17:17

Health: -2/42      AC: 13    Str: 19    XL:     7   Next: 13%
Magic:  7/7        EV:  9    Int:  9    God:    Dithmenos [**....]
Gold:   166        SH:  4    Dex: 11    Spells: 6/6 levels left

rFire   . . .      SeeInvis .   a - +0 flail
rCold   . . .      Faith    .   c - +0 buckler
rNeg    + . .      Spirit   .   b - +0 scale mail
rPois   ∞          Reflect  .   (no helmet)
rElec   +          Harm     .   (no cloak)
rCorr   .          Rampage  .   i - +0 pair of gloves
Will    .....                   (no boots)
Stlth   +.........              (no amulet)
HPRegen 0.14/turn               (no ring)
MPRegen 0.10/turn               (no ring)

@: wreathed by umbra
A: sickness immunity, AC +4, negative energy resistance 1, electricity
resistance, torment resistance 1, petrification resistance
a: Renounce Religion, Shadow Step


You were on level 5 of the Dungeon.
You worshipped Dithmenos.
Dithmenos was pleased with you.
You visited 1 branch of the dungeon, and saw 5 of its levels.

You collected 166 gold pieces.

Inventory:

Hand Weapons
 a - a +0 flail (weapon)
Armour
 b - a +0 scale mail (worn)
 c - a +0 buckler (worn)
 i - a +0 pair of gloves (worn)
Jewellery
 k - a ring of fire
 l - a ring of protection from cold
Scrolls
 h - 2 scrolls of blinking
 n - 2 scrolls of teleportation
Potions
 d - a potion of might
 f - a potion of brilliance {unknown}
 j - a potion of mutation {unknown}
 m - 3 potions of curing
 o - a potion of lignification {unknown}
 p - a potion of flight {unknown}
 q - a potion of degeneration {unknown}
 s - a potion of resistance {unknown}


   Skills:
 + Level 3.9 Fighting
 + Level 4.9 Maces & Flails
 + Level 4.4 Armour
 + Level 1.3 Dodging
 * Level 3.2 Stealth
 + Level 4.3 Shields


You had 6 spell levels left.
You didn't know any spells.
Your spell library contained the following spells:

 Spells                   Type           Power      Damage    Failure   Level
 Portal Projectile        Hex/Tloc       0%         N/A       99%         3
 Metabolic Englaciation   Hex/Ice        0%         N/A       100%        5


Dungeon Overview and Level Annotations

Branches:
Dungeon (5/15)
 Temple: D:4-7

Altars:
Dithmenos

Shops:
D:4 :?(   D:5 *


Innate Abilities, Weirdness & Mutations

You are immune to sickness and miasma.
Your stone body is resilient. (AC +4)
You are immune to poison.
You resist negative energy. (rN+)
You are resistant to electric shocks. (rElec)
You are resistant to unholy torment.
You are immune to petrification.


Message History

The adder zombie bites you but does no damage.
The orc barely misses you. The orc closely misses you.
You sock the orc priest!
You kill the orc priest!
Dithmenos accepts your kill. The adder zombie barely misses you.
The orc hits you with a +0 flail. The orc hits you but does no damage.
The adder zombie completely misses you.
You thump the orc!
You kill the orc!
Dithmenos accepts your kill. The orc closely misses you.
The orc barely misses you. The adder zombie closely misses you.
The orc barely misses you.
You sock the orc!
You kill the orc!
Dithmenos accepts your kill.
The adder zombie bites you but does no damage.
The orc hits you but does no damage.
The adder zombie bites you but does no damage.
The orc hits you but does no damage.
You barely miss the orc. The adder zombie closely misses you.
The orc barely misses you.
You closely miss the orc. The adder zombie misses you.
You block the orc's attack.
You completely miss the orc.
The adder zombie bites you but does no damage.
The orc hits you with a +0 flail. The iguana barely misses you.
The adder zombie barely misses you.
You hit the orc but do no damage. The orc completely misses you.
The iguana bites you!
* * * LOW HITPOINT WARNING * * *
You block the adder zombie's attack.
Unknown command.
You closely miss the iguana. The orc hits you but does no damage.
The iguana barely misses you.
The adder zombie bites you but does no damage.
The orc barely misses you.
You barely miss the iguana.
The adder zombie bites you but does no damage.
The iguana bites you!
You die...

..# ..# ...## ..# ....#
.>#### ####### ....##.
.....###.....# .......
...####......## .......
##..#....##...# .....#
...)..##.###..###o....#
..##.....# #....@l...#
...#.....# #...))Z...#
.#.#....## #...#......#
..............##......#
.#.#......##.##.........
#...#.....##.. .........
.∩.......... #........
... ....#....


You could see an iguana, an orc and an adder zombie.

Vanquished Creatures
  A necrophage (D:3)
  A phantom (D:3)
  Blork the orc (D:5)
  A scorpion (D:5)
  A centaur zombie (D:4)
  An orc priest (D:5)
  An iguana (D:4)
  3 adders
  An ufetubus (D:5)
  An adder skeleton (D:4)
  A dart slug (D:4)
  5 orcs
  8 ball pythons
  8 bats
  7 endoplasms
  4 giant cockroaches
  4 goblins
  4 hobgoblins
  10 kobolds
  4 quokkas (D:1)
  3 frilled lizards
  5 rats
75 creatures vanquished.

Notes
Turn   | Place    | Note
-------+----------+-------------------------------------------
     0 | D:1      | ultragoat the Gargoyle Fighter began the quest for the Orb.
     0 | D:1      | Reached XP level 1. HP: 14/14 MP: 1/1
   137 | D:1      | Reached XP level 2. HP: 19/19 MP: 2/2
   410 | D:1      | Found a faded altar of an unknown god.
   589 | D:1      | Prayed at the altar of an unknown god.
   589 | D:1      | Became a worshipper of Dithmenos the Shadowed
   589 | D:1      | Reached * piety under Dithmenos
   697 | D:1      | Reached XP level 3. HP: 22/23 MP: 3/3
  1192 | D:2      | Reached ** piety under Dithmenos
  1195 | D:2      | Reached skill level 1 in Stealth
  1263 | D:2      | Reached XP level 4. HP: 28/28 MP: 4/4
  2059 | D:3      | Noticed a phantom
  2076 | D:3      | Killed a phantom
  2077 | D:3      | Reached XP level 5. HP: 12/32 MP: 5/5
  2775 | D:4      | Found Gaenees's Magic Scroll Shop.
  2780 | D:4      | Noticed an orc warrior
  2955 | D:4      | Noticed a necrophage
  2966 | D:3      | Killed a necrophage
  2967 | D:3      | Reached skill level 1 in Dodging
  2967 | D:3      | Reached XP level 6. HP: 38/38 MP: 6/6
  2985 | D:4      | Found Jofy's Antique Weapon Emporium.
  3027 | D:4      | Got the Handbook of Enchantment
  3181 | D:4      | Found Coozekk's Book Shoppe.
  3218 | D:5      | Entered Level 5 of the Dungeon
  3240 | D:5      | Noticed Blork the orc
  3243 | D:5      | Found Osyuk's Overcharged Wands.
  3372 | D:5      | Killed Blork the orc
  3388 | D:5      | Reached XP level 7. HP: 22/42 MP: 7/7
  3412 | D:5      | Slain by an iguana

Illustrated notes

Levels and vault maps discovered:
D:1:      scummos_arrival_simple_crosswalls, layout_loops_ring,
          hellmonk_ecumenical_altar_inner_sanctum,
          hangedman_abyss_or_decor_lesser_grid, chequers_mini_garden
D:2:      layout_basic
D:3:      layout_loops_corners
D:4:      layout_cave_pools, lemuel_coloured_pillars_altar, serial_shops,
          nicolae_shop_temple_entry_statues_fountains, shop, shop,
          minmay_misc_feat_chi
D:5:      layout_cave_pools, minitemple, nicolae_shop_overcharged_wands,
          uniq_menkaure, uniq_blork_the_orc

Skill      XL: |  1  2  3  4  5  6 |
---------------+-------------------+-----
Shields        | 4 |  4.3
Stealth        | 1 2 3 |  3.2
Maces & Flails | 3 4 |  4.9
Armour         | 4 |  4.4
Dodging        | 1 |  1.3
Fighting       | |  3.9

Action                   |  1- 3 |  4- 6 |  7- 9 || total
-------------------------+-------+-------+-------++-------
Melee: Flail             |   126 |    99 |    15 ||   240
  Use: Scroll            |     1 |     6 |       ||     7
Armor: Scale mail        |    91 |    56 |    20 ||   167
Dodge: Dodged            |    98 |    52 |    23 ||   173
Block: Buckler           |    34 |    24 |     5 ||    63

Table legend: (Time is in decaauts)
 A = Elapsed time spent in this place.
 B = Non-inter-level travel time spent in this place.
 C = Inter-level travel time spent in this place.
 D = Time resting spent in this place.
 E = Time spent auto-exploring this place.
 F = Levels seen in this place.
 G = Mean time per level.
                   A        B        C        D        E       F      G
               +--------+--------+--------+--------+--------+-----+--------+
         Total |   3485 |   3221 |    264 |      0 |   1707 |   5 |  697.0 |
       Dungeon |   3485 |   3221 |    264 |      0 |   1707 |   5 |  697.0 |
               +--------+--------+--------+--------+--------+-----+--------+

Top non-repeatable levels by time:
     D:3: 1442 daAuts
     D:1: 896 daAuts
     D:2: 733 daAuts
     D:4: 325 daAuts
     D:5: 86 daAuts
